 Dungeon Crawl Stone Soup version 0.24.0-123-gd5b16e6ec5 (webtiles) character file.

Game seed: 16742920795751818059, levelgen mode: deterministic

78 Johnny the Digger (level 3, 0/26 HPs)
             Began as a Demigod Earth Elementalist on Feb 1, 2020.
             Succumbed to a kobold's poison
             ... on level 3 of the Dungeon.
             The game lasted 00:02:38 (1588 turns).

Johnny the Digger (Demigod Earth Elementalist)      Turns: 1588, Time: 00:02:39

Health: 0/26       AC:  4    Str: 11    XL:     3   Next: 94%
Magic:  6/10       EV: 12    Int: 21    God:
Gold:   0          SH:  0    Dex: 16    Spells: 3/7 levels left

rFire    + . .     SeeInvis .   k - +1 spear
rCold    . . .     Gourm    .   (no shield)
rNeg     . . .     Faith    .   b - +2 robe {rF+}
rPois    .         Spirit   .   (no helmet)
rElec    .         Reflect  .   (no cloak)
rCorr    .         Harm     .   (no gloves)
MR       .....                  (no boots)
Stlth    +.........             (no amulet)
HPRegen  0.08/turn              j - ring of attention (curse)
MPRegen  0.12/turn              (no ring)

@: lethally poisoned (0 -> -3)
A: high mp 1
a: no special abilities


You were on level 3 of the Dungeon.
You were not hungry.

You visited 1 branch of the dungeon, and saw 3 of its levels.

Inventory:

Hand Weapons
 k - a +1 spear (weapon)
Armour
 b - a +2 robe of fire resistance (worn)
Jewellery
 j - a cursed ring of attention (left hand)
Scrolls
 e - a scroll of amnesia
 i - a scroll of immolation {unknown}
Potions
 f - a potion of haste
Comestibles
 d - a ration


   Skills:
 - Level 1.7 Dodging
 - Level 1.7 Stealth
 + Level 2.9 Spellcasting
   Level 0.8 Transmutations
 + Level 3.7 Earth Magic


You had 3 spell levels left.
You knew the following spells:

 Your Spells              Type           Power        Failure   Level  Hunger
a - Sandblast             Erth           ###...       2%          1    None
b - Stone Arrow           Conj/Erth      ##....       19%         3    ###....

Your spell library contained the following spells:

 Spells                   Type           Power        Failure   Level  Hunger
 Passwall                 Tmut/Erth      ##......     8%          2    ##.....
 Petrify                  Tmut/Erth      ##......     45%         4    ####...
 Lee's Rapid Deconstruct  Erth           ###.......   61%         5    ######.


Dungeon Overview and Level Annotations

Branches:
Dungeon (3/15)


Innate Abilities, Weirdness & Mutations

You have an increased reservoir of magic. (+10% MP)


Message History

You feel sick.
* * * LOW HITPOINT WARNING * * *
You feel sick.
* * * LOW HITPOINT WARNING * * *
You feel sick.
Found 13 gold pieces.
* * * LOW HITPOINT WARNING * * *
You feel sick.
* * * LOW HITPOINT WARNING * * *
You feel sick.
* * * LOW HITPOINT WARNING * * *
You feel sick.
* * * LOW HITPOINT WARNING * * *
You feel sick.
* * * LOW HITPOINT WARNING * * *
You feel sick.
Found a stone staircase leading up.
* * * LOW HITPOINT WARNING * * *
You feel sick.
You die...

**,,,,,,,,**,*,,,*,* *,*,,,,
.....#***,*#,#..,*,* *,,,,,,
.....# *,*#.#..,*,* *,,,,,,
.....#***,**.#.#**,* *,****,
......,,,,,,,...,,,* *,* *,
...#.#*******#.#**,*####***,* *,
...#.# #.###,....,,,,,* *,
##.#.#########...#..####********,
................@.......,,,,,,,,,
#.##..$........#.#.#.###***,****,
#.###########....#,#,,*,,,,,,,,,,
#.# #...<#,**,*,***,***** #+##
#....#,**,*,* *,* ...#
##+###,*,,,,***+***** ...#
*,,,,*,*,*,**,,,,,,,, ...#
*,,,,*,,,,,,',,,,,,,, .<.#
*,,,,***,*,,*,,,,,,,,


There were no monsters in sight!

Vanquished Creatures
  Jessica (D:3)
  A gnoll (D:1)
  An ooze (D:1)
  2 leopard geckos
  An orc (D:3)
  7 bats
  2 giant cockroaches
  7 goblins
  2 hobgoblins
  A quokka (D:3)
  5 kobolds
  3 rats (D:1)
33 creatures vanquished.

Notes
Turn   | Place    | Note
-------+----------+-------------------------------------------
     0 | D:1      | Johnny the Demigod Earth Elementalist began the quest for
                  | the Orb.
     0 | D:1      | Reached XP level 1. HP: 14/14 MP: 5/5
   310 | D:1      | Reached skill level 3 in Earth Magic
   409 | D:1      | Reached XP level 2. HP: 20/20 MP: 3/7
  1088 | D:2      | Noticed a scorpion
  1096 | D:1      | Reached XP level 3. HP: 23/26 MP: 6/9
  1136 | D:1      | Learned a level 3 spell: Stone Arrow
  1511 | D:3      | Noticed Jessica
  1514 | D:3      | Killed Jessica
  1584 | D:3      | HP: 1/26 [poisoned by a kobold]
  1588 | D:3      | Succumbed to a kobold's poison

Levels and vault maps discovered:
D:1:      minmay_arrival_diagonal_passages, layout_loops_corners
D:2:      minmay_thinvault, layout_rooms, minmay_tetromino_l2
D:3:      layout_basic, cheibrodos_sewer_entry_bend, uniq_jessica

Skill      XL: |  1 |
---------------+----+-----
Spellcasting   | 2 |  2.9
Earth Magic    | 3 |  3.7
Dodging        | |  1.7
Stealth        | |  1.7
Transmutations | |  0.8

Action                   || total
-------------------------++-------
Melee: Spear             ||    17
       Unarmed           ||     5
 Cast: Sandblast         ||    32
       Stone Arrow       ||     5
  Use: Scroll            ||     3
       Potion            ||     1
  Eat: Ration            ||     1
Armor: Robe              ||    12
Dodge: Dodged            ||    41
